 Dungeon Crawl Stone Soup version 0.30-a0-389-g8d7d949f56 (webtiles) character file.

Game seed: 8109668782044552470

305 NinjaNoafa the Cutter (level 6, -16/50 HPs)
             Began as a Demonspawn Gladiator on Dec 3, 2022.
             Was a Follower of Uskayaw.
             Demolished by an ogre
             ... wielding a +0 giant spiked club
              (23 damage)
             ... on level 5 of the Dungeon.
             The game lasted 00:07:01 (4277 turns).

NinjaNoafa the Cutter (Demonspawn Gladiator)        Turns: 4277, Time: 00:07:02

Health: -16/50     AC:  7    Str: 14    XL:     6   Next: 15%
Magic:  6/6        EV: 13    Int: 10    God:    Uskayaw [*.....]
Gold:   219        SH:  4    Dex: 16    Spells: 5/5 levels left

rFire   . . .      SeeInvis .    a - +0 rapier
rCold   . . .      Faith    .    (no shield)
rNeg    . . .      Spirit   .    b - +0 leather armour
rPois   .          Reflect  .    c - +0 helmet
rElec   .          Harm     .    p - +0 cloak
rCorr   .          Rampage  .    (no gloves)
Will    .....                    (no boots)
Stlth   +.........               (no amulet)
HPRegen 0.28/turn                (no ring)
MPRegen 0.20/turn                (no ring)

@: no status effects
A: rugged brown scales 2, magic regeneration, condensation shield
a: Renounce Religion, Stomp


You were on level 5 of the Dungeon.
You worshipped Uskayaw.
Uskayaw was noncommittal.
You visited 2 branches of the dungeon, and saw 6 of its levels.

You collected 219 gold pieces.

Inventory:

Hand Weapons
 a - a +0 rapier (weapon)
Missiles
 d - a throwing net
 e - 3 javelins
 q - 3 poisoned darts
 t - 28 stones
 u - 4 boomerangs (quivered)
Armour
 b - a +0 leather armour (worn)
 c - a +0 helmet (worn)
 p - a +0 cloak (worn)
 y - a +0 pair of gloves
Wands
 r - a wand of flame (7)
Scrolls
 f - a scroll of torment {unknown}
 i - a scroll of fear {unknown}
 j - a scroll of immolation
 m - a scroll of blinking {unknown}
 n - a scroll of enchant weapon {unknown}
 v - 3 scrolls of fog {unknown}
 w - a scroll of identify {unknown}
 x - 2 scrolls of magic mapping {unknown}
Potions
 g - a potion of berserk rage {unknown}
 h - a potion of brilliance {unknown}
 k - 2 potions of curing {unknown}
 l - a potion of invisibility {unknown}
 o - a potion of flight {unknown}
 s - a potion of heal wounds {unknown}
 z - a potion of degeneration {unknown}


   Skills:
 + Level 4.0 Fighting
 * Level 4.3 Short Blades
 - Level 1.7 Throwing
 + Level 4.2 Dodging


You had 5 spell levels left.
You didn't know any spells.
Your spell library contained the following spells:

 Spells                   Type           Power      Damage    Failure   Level
 Shock                    Conj/Air       0%         1d3       43%         1
 Cigotuvi's Dreadful Rot  Necr/Pois/Air  0%         N/A       58%         2
 Portal Projectile        Hex/Tloc       0%         N/A       82%         3
 Swiftness                Air            0%         N/A       82%         3
 Tukima's Dance           Hex            0%         N/A       82%         3
 Airstrike                Air            0%         2d(0-16)  99%         4
 Dispel Undead            Necr           0%         3d6       99%         4
 Blade Hands              Tmut           0%         N/A       100%        5
 Death Channel            Necr           0%         N/A       100%        6


Dungeon Overview and Level Annotations

Branches:
Dungeon (5/15)             Temple (1/1) D:5

Altars:
Cheibriados
Dithmenos
Fedhas
Hepliaklqana
Makhleb
Okawaru
Sif Muna
Trog
Uskayaw
Wu Jian


Innate Abilities, Weirdness & Mutations

You are mostly covered in rugged brown scales. (AC +2, +5% HP)
You regenerate magic rapidly.
A meltable shield of frost defends you. (SH +4)


Message History

There is an open door here.
There is an open door here.
There is a staircase back to the Dungeon here.
You climb upwards.
Welcome back to the Dungeon!
The ogre misses you.
There is a staircase to the Ecumenical Temple here.
An ogre is nearby!
You puncture the ogre!
The ogre is moderately wounded.
The ogre barely misses you.
You completely miss the ogre.
The ogre is moderately wounded.
The ogre closely misses you.
You hit the ogre.
The ogre is moderately wounded.
You hit the ogre.
The ogre is heavily wounded.
The ogre closely misses you.
You can now stomp with the beat.
You hit the ogre but do no damage.
The ogre is heavily wounded.
The ogre hits you with a +0 giant spiked club!!
You hit the ogre.
The ogre is severely wounded.
You hit the ogre.
The ogre is severely wounded.
The ogre misses you.
You hit the ogre.
The ogre is almost dead.
The ogre hits you with a +0 giant spiked club!!
Ouch! That really hurt!
* * * LOW HITPOINT WARNING * * *
Throw: 5 boomerangs
Press: ? - help, Q - select action, (/) - cycle Shift-Dir - straight line, f - ogre
Aim: an ogre, wielding a +0 giant spiked club (almost dead, 76% to hit)
You throw a boomerang. The orc warrior shouts!
The boomerang hits the ogre.
The ogre is almost dead.
The ogre hits you with a +0 giant spiked club!!
You die...

......# ....... .....
.........
..#.##.........
....##.......##
#.#...........# # #.###
........#
##.##...###.......#
#..#.@.$....#.....#
....##..O..##.......# #
#........#.......##
...###...##......######
... ###.#..#..........
.# ...#.#.............
###.....##.##....<..
#..#.. #.###>.....
#..... #.# #......


You could see an ogre.

Vanquished Creatures
  A jelly (Temple)
  An orc priest (D:4)
  A gnoll bouda (D:4)
  An iguana (D:5)
  An orc wizard (D:4)
  6 adders
  4 gnolls (D:4)
  2 worms
  2 dart slugs
  4 orcs
  4 ball pythons
  5 endoplasms
  2 giant cockroaches (D:3)
  4 goblins
  3 hobgoblins
  A jackal (D:3)
  4 quokkas
  9 bats
  5 frilled lizards
  6 kobolds
  2 rats (D:3)
68 creatures vanquished.

Notes
Turn   | Place    | Note
-------+----------+-------------------------------------------
     0 | D:1      | NinjaNoafa the Demonspawn Gladiator began the quest for the
                  | Orb.
     0 | D:1      | Reached XP level 1. HP: 16/16 MP: 1/1
   445 | D:1      | Gained mutation: You are partially covered in rugged brown
                  | scales. (AC +1, +3% HP) [demonic ancestry]
   445 | D:1      | Reached XP level 2. HP: 16/22 MP: 2/2
   907 | D:2      | Gained mutation: A meltable shield of frost defends you.
                  | (SH +4) [demonic ancestry]
   907 | D:2      | Reached XP level 3. HP: 21/28 MP: 3/3
  1393 | D:2      | Found a faded altar of an unknown god.
  1599 | D:3      | You fall into a shaft and drop 1 floor!
  1843 | D:3      | Gained mutation: You regenerate magic rapidly. [demonic
                  | ancestry]
  1843 | D:3      | Reached XP level 4. HP: 35/35 MP: 4/4
  2330 | D:3      | Found a bloodstained altar of Trog.
  2391 | D:3      | Found a burning altar of Makhleb.
  2391 | D:3      | Noticed a balrug
  3014 | D:4      | Gained mutation: You are mostly covered in rugged brown
                  | scales. (AC +2, +5% HP) [demonic ancestry]
  3014 | D:4      | Reached XP level 5. HP: 21/43 MP: 5/5
  3947 | D:5      | Entered Level 5 of the Dungeon
  3947 | D:5      | Noticed an orc warrior
  4003 | D:5      | Reached XP level 6. HP: 38/50 MP: 6/6
  4010 | D:5      | Found a staircase to the Ecumenical Temple.
  4023 | Temple   | Entered the Ecumenical Temple
  4257 | Temple   | Became a worshipper of Uskayaw the Reveller
  4271 | D:5      | Reached * piety under Uskayaw
  4277 | D:5      | Demolished by an ogre

Illustrated notes

Levels and vault maps discovered:
D:1:      tarquinn_simple_flora_water_b, layout_basic
D:2:      layout_loops_ring, ebering_ecumenical_altar_hall
D:3:      kennysheep_six_static_rooms, layout_basic, makhleb_altar_promises_db,
          lightli_temple_of_fire
D:4:      layout_basic, minmay_strange_pillars
D:5:      layout_rooms, nicolae_vehumet_radiance, minmay_temple_entry_slanted
Temple:   nicolae_temple_figure_zero

Skill      XL: |  1  2  3  4  5  6 |
---------------+-------------------+-----
Short Blades   | 3 4 |  4.3
Dodging        | 3 4 |  4.2
Fighting       | 3 4 |  4.0
Throwing       | |  1.7

Action                   |  1- 3 |  4- 6 || total
-------------------------+-------+-------++-------
Melee: Rapier            |   109 |   123 ||   232
       Executioner's axe |     7 |       ||     7
       Punch             |     1 |     1 ||     2
Throw: Javelin           |    14 |    10 ||    24
       Throwing net      |     1 |     3 ||     4
       Boomerang         |       |     2 ||     2
Evoke: Wand              |       |     2 ||     2
  Use: Scroll            |       |     1 ||     1
 Stab: Sleeping          |     2 |       ||     2
       Held in net/web   |     1 |       ||     1
Armor: Leather armour    |    78 |    33 ||   111
Dodge: Dodged            |   103 |    89 ||   192
Block: Other             |    11 |    18 ||    29

Table legend: (Time is in decaauts)
 A = Elapsed time spent in this place.
 B = Non-inter-level travel time spent in this place.
 C = Inter-level travel time spent in this place.
 D = Time resting spent in this place.
 E = Time spent auto-exploring this place.
 F = Levels seen in this place.
 G = Mean time per level.
                   A        B        C        D        E       F      G
               +--------+--------+--------+--------+--------+-----+--------+
         Total |   4299 |   4046 |    253 |      0 |   3317 |   6 |  716.5 |
       Dungeon |   4055 |   3827 |    228 |      0 |   3104 |   5 |  811.0 |
        Temple |    243 |    218 |     25 |      0 |    213 |   1 |  243.0 |
               +--------+--------+--------+--------+--------+-----+--------+

Top non-repeatable levels by time:
     D:4: 1471 daAuts
     D:3: 925 daAuts
     D:1: 854 daAuts
     D:2: 760 daAuts
  Temple: 243 daAuts
     D:5: 42 daAuts
